 Dungeon Crawl Stone Soup version 0.18.1-8-gdd0e5ea (webtiles) character file.

451 zeroDi the Sneak (level 7, -1/34 HPs)
             Began as a Vine Stalker Assassin on May 27, 2016.
             Was an Initiate of Okawaru.
             Slain by a scorpion (2 damage)
             ... on level 5 of the Dungeon on May 28, 2016.
             The game lasted 00:13:56 (3793 turns).

zeroDi the Sneak (Vine Stalker Assassin)            Turns: 3793, Time: 00:13:57

Health: -1/34      AC:  5    Str: 14    XL:     7   Next: 4%
Magic:  0/8        EV: 12    Int: 11    God:    Okawaru [......]
Gold:   288        SH:  0    Dex: 19    Spells: 0 memorised, 6 levels left

rFire  . . .     SeeInvis .     a - +2 dagger (freeze)
rCold  . . .     Gourm    .     c - +0 robe
rNeg   + . .     Faith    .     (no shield)
rPois  .         Spirit   +     (no helmet)
rElec  .         Dismiss  .     d - +0 cloak
rCorr  .         Reflect  .     (no gloves)
SustAt .         Harm     .     k - +1 pair of boots
MR     .....                    (no amulet)
Stlth  ++++......               h - ring of positive energy
                                C - +2 ring of dexterity

@: not resistant to hostile enchantments, stealthy
A: fangs 2, regeneration 2, magic shield, antimagic bite, no device heal 3, rot
immunity
a: Renounce Religion


You were on level 5 of the Dungeon.
You worshipped Okawaru.
Okawaru was noncommittal.
You were not hungry.

You visited 1 branch of the dungeon, and saw 6 of its levels.

You collected 288 gold pieces.


Innate Abilities, Weirdness & Mutations

You have extremely sharp teeth.
You heal very quickly.
When hurt, damage is shared between your health and your magic reserves.
Your bite disrupts and absorbs the magic of your enemies.
Potions and wands cannot restore your health.
You are immune to rotting.


   Skills:
 - Level 1.7 Fighting
 - Level 5.1 Short Blades
 - Level 1.7 Throwing
 - Level 0.7 Dodging
 * Level 7.8 Stealth


You had 6 spell levels left.
You didn't know any spells.

Inventory:

Hand Weapons
 a - a +2 dagger of freezing (weapon)
 b - a +0 blowgun
 o - a +2 dagger
Missiles
 e - 47 poisoned needles
 f - 2 curare-tipped needles {=f}
 t - 4 tomahawks
 H - 2 tomahawks of returning (quivered)
Armour
 c - a +0 robe (worn)
 d - a +0 cloak (worn)
 k - a +1 pair of boots (worn)
Jewellery
 h - a ring of positive energy (right hand)
 r - a +4 ring of protection {unknown}
 y - an uncursed ring of stealth {unknown}
 C - a +2 ring of dexterity (left hand)
 E - an uncursed ring of stealth {unknown}
Wands
 q - a wand of iceblast (0/15)
Scrolls
 i - a scroll of amnesia {unknown}
 n - 2 scrolls of enchant weapon {unknown}
 x - a scroll of blinking {unknown}
 z - a scroll of fear {unknown}
 A - 4 scrolls of immolation {unknown}
 F - a scroll of vulnerability {unknown}
 G - 2 scrolls of remove curse
Potions
 p - a potion of cancellation
 v - 3 potions of agility {unknown}
 w - 2 potions of curing {unknown}
 B - a potion of flight
Books
 u - Vehumet's Almanac of Battle Magic
   (You found it on level 4 of the Dungeon)

   Spells                             Type                      Level
   a - Magic Dart                     Conjuration                  1
Comestibles
 g - 3 bread rations
 l - 10 fruits
 s - a slice of pizza
 D - a meat ration

Dungeon Overview and Level Annotations

Branches:
Dungeon (6/15)
 Temple: D:4-7

Altars:
Ashenzari
Elyvilon
Gozag
Kikubaaqudgha
Okawaru
Ru
Sif Muna
Trog
Vehumet
The Shining One

Shops:
D:4 [

Annotations:
D:4 barakagiga's ghost, amateur HOWn

...######
.....!s.# ..# #@#
#.# #g# #.# ##.#
##.###).#
#.#######..g...##
..........>#####
...##.......# .#
#.......# #.#
#.......#


You could see a scorpion and a gnoll.


Message History

The gnoll hits you.
* * * LOW HITPOINT WARNING * * *
You hit the scorpion. You freeze the scorpion. You bite the scorpion.
You drain its power.
You feel invigorated.
The scorpion is severely wounded.
The scorpion stings you.
* * * LOW HITPOINT WARNING * * *
The gnoll hits you but does no damage.
You hit the scorpion but do no damage. You bite the scorpion.
You drain its power.
You feel invigorated.
The scorpion is severely wounded.
The scorpion stings you.
* * * LOW HITPOINT WARNING * * *
You hit the scorpion. You freeze the scorpion. You bite the scorpion.
You drain its power.
You feel invigorated.
The scorpion is almost dead.
The gnoll hits you.
* * * LOW HITPOINT WARNING * * *
The scorpion stings you.
You die...

Action                   |  1- 3 |  4- 6 |  7- 9 || total
-------------------------+-------+-------+-------++-------
Melee: Dagger            |    70 |   201 |     8 ||   279
       Bite              |     5 |    52 |     7 ||    64
 Fire: Blowgun           |       |     3 |       ||     3
Throw: Tomahawk          |       |     5 |       ||     5
Evoke: Wand              |       |       |     1 ||     1
  Use: Potion            |       |     4 |       ||     4
       Scroll            |       |    11 |       ||    11
 Stab: Sleeping          |    18 |    15 |       ||    33
       Distracted        |     1 |       |       ||     1
  Eat: Chunk             |     2 |     8 |       ||    10
Armor: Robe              |    12 |    31 |     2 ||    45
Dodge: Dodged            |    24 |    87 |       ||   111

Vault maps used:
D:1:      lemuel_arrival_muddy
D:2:      grunt_ministairs_3
D:3:      grunt_temple_overflow_open, lemuel_doored_altar, lemuel_crystal_altar,
          grunt_decor_cap, okawaru_trees_1
D:4:      grunt_temple_overflow_magic_moments, lemuel_round_altar,
          tso_oasis_becter, gup_sewer_entry_spiral, serial_shops,
          nicolae_shop_behind_doors
D:5:      kennysheep_ying_yang, minmay_temple_entry_enclosed_plants, first_bread
D:6:      trog_hazing_becter, uniq_duvessa

Notes
Turn   | Place    | Note
--------------------------------------------------------------
     0 | D:1      | zeroDi the Vine Stalker Assassin began the quest for the Orb.
     0 | D:1      | Reached XP level 1. HP: 11/11 MP: 2/2
   112 | D:1      | Reached skill level 2 in Short Blades
   133 | D:1      | Reached XP level 2. HP: 15/15 MP: 3/3
   461 | D:1      | Reached skill level 3 in Short Blades
   542 | D:1      | Reached XP level 3. HP: 18/18 MP: 4/4
  1513 | D:3      | Reached skill level 4 in Short Blades
  1513 | D:3      | Reached XP level 4. HP: 8/23 MP: 2/5
  1529 | D:3      | HP: 2/23 [poisoned by a worker ant]
  1534 | D:3      | HP: 2/23 [poisoned by a worker ant]
  1932 | D:3      | Found an iron altar of Okawaru.
  1934 | D:3      | Found a bloodstained altar of Trog.
  1938 | D:3      | Became a worshipper of Warmaster Okawaru
  2115 | D:3      | Reached XP level 5. HP: 26/26 MP: 6/6
  2156 | D:3      | Found a sacrificial altar of Ru.
  2209 | D:3      | You fall through a shaft for 3 floors!
  2319 | D:5      | Entered Level 5 of the Dungeon
  2319 | D:5      | Noticed a centaur
  2396 | D:6      | Reached skill level 5 in Short Blades
  2475 | D:6      | Found a bloodstained altar of Trog.
  2525 | D:6      | Reached skill level 5 in Stealth
  2576 | D:5      | Found a white marble altar of Elyvilon.
  2630 | D:5      | HP: 2/26 [centaur/arrow (7)]
  2737 | D:5      | Gained mutation: You heal very quickly. [Vine Stalker growth]
  2737 | D:5      | Reached XP level 6. HP: 17/30 MP: 4/7
  2796 | D:4      | Reached skill level 6 in Stealth
  2853 | D:3      | Found an opulent altar of Gozag.
  2858 | D:3      | Found an iron altar of Okawaru.
  3176 | D:4      | Noticed barakagiga's ghost (amateur HOWn)
  3176 | D:4      | Found a glowing golden altar of the Shining One.
  3255 | D:4      | Found a shattered altar of Ashenzari.
  3343 | D:4      | Found Vais's Antique Armour Emporium.
  3580 | D:4      | Reached skill level 7 in Stealth
  3607 | D:4      | Found a radiant altar of Vehumet.
  3611 | D:4      | Identified Vehumet's Almanac of Battle Magic (You found it on level 4 of the Dungeon)
  3615 | D:4      | Found an ancient bone altar of Kikubaaqudgha.
  3616 | D:4      | Found a deep blue altar of Sif Muna.
  3729 | D:5      | HP: 3/30 [centaur (2)]
  3783 | D:5      | Reached XP level 7. HP: 11/34 MP: 3/8
  3791 | D:5      | HP: 3/34 [scorpion (3)]
  3793 | D:5      | HP: 1/34 [gnoll (1)]
  3793 | D:5      | Slain by a scorpion

Vanquished Creatures
  A crimson imp (D:5)
  A giant frog skeleton (D:4)
  An orc wizard (D:6)
  A centaur skeleton (D:6)
  An iguana (D:6)
  5 worker ants
  3 gnolls (D:5)
  4 adders
  A shadow imp (D:6)
  An ooze (D:4)
  An adder skeleton (D:4)
  4 dart slugs
  A worm (D:2)
  2 giant geckos (D:2)
  13 orcs
  A ball python (D:2)
  13 bats
  3 giant cockroaches
  7 goblins
  7 hobgoblins
  4 kobolds
  5 quokkas
  5 giant newts
  A quokka skeleton (D:4)
  11 rats
97 creatures vanquished.
